 Dungeon Crawl Stone Soup version 0.22-a0-388-g09e6169 (webtiles) character file.

68 Deathtrap2010 the Grave Robber (level 4, 0/30 HPs)
             Began as a Vampire Necromancer on Apr 29, 2018.
             Slain by Terence
             ... wielding a +0 flail
              (9 damage)
             ... on level 2 of the Dungeon on Apr 30, 2018.
             The game lasted 00:09:38 (1521 turns).

Deathtrap2010 the Grave Robber (VpNe)               Turns: 1521, Time: 00:09:39

Health: 0/30       AC:  6    Str:  7    XL:     4   Next: 1%
Magic:  2/8        EV: 13    Int: 18    God:
Gold:   44         SH:  0    Dex: 14    Spells: 3/8 levels left

rFire    . . .     SeeInvis +   b - +0 short sword
rCold    + . .     Gourm    .   (no shield)
rNeg     + . .     Faith    .   a - +0 robe
rPois    .         Spirit   .   (no helmet)
rElec    .         Reflect  .   h - +0 cloak
rCorr    .         Harm     .   g - +2 pair of gloves
MR       .....     Clarity  +   (no boots)
Stlth    +++.......             (no amulet)
HPRegen  0.10/turn              e - ring of stealth
MPRegen  0.11/turn              (no ring)

@: no status effects
A: fangs 3, see invisible, clarity, cold resistance 1, unbreathing
a: Bat Form


You were on level 2 of the Dungeon.
You were not thirsty.

You visited 1 branch of the dungeon, and saw 2 of its levels.

You collected 44 gold pieces.

Inventory:

Hand Weapons
 b - a +0 short sword (weapon)
Armour
 a - a +0 robe (worn)
 g - a +2 pair of gloves (worn)
 h - a +0 cloak (worn)
Jewellery
 e - a ring of stealth (left hand)
Scrolls
 d - 4 scrolls of identify
 f - a scroll of amnesia
Potions
 c - a potion of blood


   Skills:
 * Level 2.7 Dodging
 * Level 3.3 Stealth
 * Level 2.6 Spellcasting
 * Level 5.3 Necromancy


You had 3 spell levels left.
You knew the following spells:

 Your Spells              Type           Power        Failure   Level  Hunger
a - Pain                  Necr           ###.         1%          1    #......
b - Animate Skeleton      Necr           N/A          1%          1    #......
c - Vampiric Draining     Necr           ###.......   5%          3    ###....


Dungeon Overview and Level Annotations

Branches:
Dungeon (2/15)

Altars:

Annotations:
D:2 Terence


Innate Abilities, Weirdness & Mutations

You have razor-sharp teeth.
You have supernaturally acute eyesight. (SInv)
You can survive without breathing.
You possess an exceptional clarity of mind.
Your flesh is cold resistant. (rC+)


Message History

Terence is severely wounded.
Terence closely misses you.
You hit Terence.
Terence is severely wounded.
Terence closely misses you.
You barely miss Terence.
Terence is severely wounded.
Terence barely misses you.
You hit Terence but do no damage. Your bite misses Terence.
Terence is severely wounded.
Terence hits you with a flail.
* * * LOW HITPOINT WARNING * * *
You barely miss Terence. You bite Terence.
Terence is severely wounded.
Terence says, "How do you enjoy it?" Terence closely misses you.
You barely miss Terence.
Terence is severely wounded.
Terence hits you with a flail!
You die...

..#,**,**.##.#..*#.####.#####.#
..#,,,,,,,......##.####.# #.#
..#***,#***#.....>......# #.#
..####.# *,(...........## #.###
.......# *,*,#.........# #...#
.......# *,*,#...[.....# ###.#
.......# #,#..#........# ####.#
.÷###### #.#..#.@......# #.....
...##### #.#....@.###### #..#.#
....##.###.......## #....#
....#...####...### #..###
..#......###...######### #.....
.##..............#..)..# ##.###
...................###.######.#
.................### #........#
..)......##.†..### ##########
....#....##....#


You could see Terence.

Vanquished Creatures
  2 adders (D:2)
  3 dart slugs
  A worm (D:2)
  3 giant cockroaches
  4 goblins
  5 hobgoblins
  8 kobolds (D:1)
  A quokka (D:2)
  4 bats (D:1)
  2 frilled lizards (D:1)
  8 rats
41 creatures vanquished.

Notes
Turn   | Place    | Note
-------+----------+-------------------------------------------
     0 | D:1      | Deathtrap2010 the Vampire Necromancer began the quest for the Orb.
     0 | D:1      | Reached XP level 1. HP: 13/13 MP: 3/3
    38 | D:1      | Learned a level 1 spell: Animate Skeleton
   339 | D:1      | Reached XP level 2. HP: 18/19 MP: 3/5
   460 | D:1      | Gained mutation: Your flesh is cold resistant. (rC+) [potion of mutation]
   460 | D:1      | Gained mutation: You possess an exceptional clarity of mind. [potion of mutation]
   746 | D:1      | Reached skill level 5 in Necromancy
   784 | D:1      | Reached XP level 3. HP: 21/24 MP: 1/6
   789 | D:1      | Learned a level 3 spell: Vampiric Draining
  1485 | D:2      | Noticed Terence
  1493 | D:2      | Reached XP level 4. HP: 24/30 MP: 2/8
  1521 | D:2      | Slain by Terence

Vault maps used:
D:1:      eino_arrival_water_star, grunt_decor_mini_mirrors
D:2:      uniq_sigmund, uniq_terence

Skill      XL: |  1  2 |
---------------+-------+-----
Necromancy     | 5 |  5.3
Dodging        | |  2.7
Stealth        | |  3.3
Spellcasting   | |  2.6

Action                   |  1- 3 |  4- 6 || total
-------------------------+-------+-------++-------
Melee: Short sword       |    13 |    23 ||    36
       Bite              |       |     5 ||     5
 Cast: Pain              |    68 |     3 ||    71
       Animate Skeleton  |     3 |       ||     3
       Vampiric Draining |     1 |       ||     1
  Use: Potion            |     6 |       ||     6
       Scroll            |     4 |       ||     4
Armor: Robe              |    12 |     1 ||    13
Dodge: Dodged            |    30 |    16 ||    46

Table legend:
 A = Spawn XP
 B = Non-spawn XP
 C = Spawn XP percentage of total XP
 D = Spawn monster count
 E = Non-spawn monster count
 F = Spawn count percentage of total count
 G = Total turns spent on level
                    A         B        C        D         E        F      G
               +---------+---------+-------+---------+---------+-------+---------
         Total |       0 |      98 |   0.0 |       0 |      41 |   0.0 |  1521
               +---------+---------+-------+---------+---------+-------+---------
           D:1 |       0 |      49 |   0.0 |       0 |      30 |   0.0 |  1114
           D:2 |       0 |      49 |   0.0 |       0 |      11 |   0.0 |   407
               +---------+---------+-------+---------+---------+-------+---------
